 Dungeon Crawl Stone Soup version 0.20-a0-945-g3bf614a (webtiles) character file.

649598 Lifeless the Minotaur Barricade (level 27, 214/214 HPs)
             Began as a Minotaur Fighter on Mar 30, 2017.
             Was the Champion of Okawaru.
             Got out of the dungeon
             ... with 4 runes on Apr 1, 2017!
             The game lasted 08:59:59 (83028 turns).

Lifeless the Minotaur Barricade (Minotaur Fighter) Turns: 83028, Time: 09:00:00

Health: 214/214    AC: 42    Str: 19    XL:     27
Magic:  27/27      EV: 16    Int:  9    God:    Okawaru [******]
Gold:   6263       SH: 29    Dex: 33    Spells: 26/26 levels left

rFire    + + .     SeeInvis +   P - +9 double sword (venom)
rCold    + . .     Gourm    .   d - +2 large shield
rNeg     . . .     Faith    .   F - +9 gold dragon scales
rPois    +         Spirit   +   C - +3 hat of Pondering {ponderous, MR+ MP+10 Int+5}
rElec    +         Reflect  .   j - scarf {Spirit}
rCorr    +         Harm     .   q - +0 pair of gloves of Grace {Str+4}
MR       +++++     Rnd*Rage +   s - +4 pair of boots "Satufom" {rCorr}
Stlth    ..........             E - amulet of the Air {Inacc +Fly rElec EV+5 RMsl}
Regen    0.5/turn               r - ring "Zelyok" {rPois rF+ Int+2 SInv}
MPRegen  0.2/turn               k - ring "Hiesaom" {+Fly MR+++ Str-2 Int-3 Dex+10}

@: studying Throwing, repel missiles, slow
A: retaliatory headbutt, horns 2, berserk 2, frail 2, low mp 3, weak 2, subdued
magic 1, MP-powered wands
}: 4/15 runes: decaying, slimy, silver, gossamer
a: Heroism, Finesse, Renounce Religion, Evoke Flight


You escaped.
You worshipped Okawaru.
Okawaru was exalted by your worship.
You were completely stuffed.

You visited 12 branches of the dungeon, and saw 54 of its levels.
You visited Pandemonium 1 time, and saw 1 of its levels.
You visited the Abyss 5 times.

You collected 9819 gold pieces.
You spent 3556 gold pieces at shops.

Inventory:

Hand Weapons
 P - a +9 double sword of venom (weapon)
Missiles
 u - 2 steel tomahawks (quivered)
 v - a poisoned tomahawk
 U - 4 tomahawks
 V - 2 silver tomahawks
 Z - 2 silver javelins
Armour
 d - a +2 large shield (worn)
 j - a scarf of spirit shield (worn)
 q - the +0 pair of gloves of Grace (worn) {Str+4}
   (Okawaru gifted it to you on level 5 of the Vaults)

   It affects your strength (+4).
 s - the +4 pair of boots "Satufom" (worn) {rCorr}
   (Okawaru gifted it to you on level 2 of the Lair of Beasts)

   It protects you from acid and corrosion.
 C - the +3 hat of Pondering (worn) {ponderous, MR+ MP+10 Int+5}
   (You found it on level 5 of the Vaults)

   It affects your intelligence (+5).
   It affects your resistance to hostile enchantments.
   It affects your magic capacity (+10).
 F - +9 gold dragon scales (worn)
Jewellery
 k - the ring "Hiesaom" (right hand) {+Fly MR+++ Str-2 Int-3 Dex+10}
   (You found it on level 5 of the Pits of Slime)

   [ring of flight]

   It affects your strength (-2).
   It affects your intelligence (-3).
   It affects your dexterity (+10).
   It affects your resistance to hostile enchantments.
   It lets you fly.
 r - the ring "Zelyok" (left hand) {rPois rF+ Int+2 SInv}
   (You took it off an orc warrior on level 4 of the Vaults)

   [ring of see invisible]

   It affects your intelligence (+2).
   It protects you from fire.
   It protects you from poison.
   It lets you see invisible.
 E - the amulet of the Air (around neck) {Inacc +Fly rElec EV+5 RMsl}
   (You found it on level 3 of the Elven Halls)

   [amulet of inaccuracy]

   It reduces the accuracy of all your attacks.
   It affects your evasion (+5).
   It insulates you from electricity.
   It lets you fly.
   It protects you from missiles.
 J - the ring of Olan {rN+ MR+ Str+3 Dex+3 Stlth+}
   (You found it on level 3 of the Crypt)

   [ring of positive energy]

   It affects your strength (+3).
   It affects your dexterity (+3).
   It protects you from negative energy.
   It affects your resistance to hostile enchantments.
   It makes you more stealthy.
Wands
 h - a wand of disintegration (11/24)
 A - a wand of disintegration (16/24)
 N - a wand of digging (2/24)
Scrolls
 e - a scroll of silence
 g - 6 scrolls of enchant weapon
 i - 24 scrolls of remove curse
 p - 6 scrolls of teleportation
 Y - 2 scrolls of recharging
Potions
 b - 4 potions of berserk rage
 m - 4 potions of curing
 o - 4 potions of haste
 w - 6 potions of mutation
 z - a potion of might
 B - 7 potions of agility
 G - 5 potions of resistance
 I - 8 potions of ambrosia
 K - 2 potions of cancellation
 Q - 10 potions of lignification
Books
 y - a manual of Throwing
Miscellaneous
 M - a lightning rod (1/4)
Comestibles
 f - 36 bread rations
 l - 29 meat rations


   Skills:
 + Level 25.7 Fighting
 O Level 27 Long Blades
 + Level 21.3 Throwing
 + Level 20.4 Armour
 + Level 8.6 Dodging
 O Level 27 Shields
 + Level 4.8 Invocations
 - Level 0.6 Evocations


You had 26 spell levels left.
You didn't know any spells.

Dungeon Overview and Level Annotations

Branches:
Dungeon (15/15)            Temple (1/1) D:7            Lair (6/6) D:10
  Swamp (4/4) Lair:3       Spider (4/4) Lair:3        Slime (5/5) Lair:5
    Orc (2/2) D:11            Elf (3/3) Orc:2        Vaults (5/5) D:14
  Crypt (3/3) Vaults:2       Tomb (1/3) Crypt:3      Depths (5/5) D:15
    Zot (0/5) Depths:5

Altars:
Ashenzari
Cheibriados
Dithmenos
Elyvilon
Fedhas
Gozag
Hepliaklqana
Makhleb
Nemelex Xobeh
Okawaru
Qazlal
Ru
Sif Muna
Trog
Uskayaw
Vehumet
Wu Jian
Xom
Yredelemnul
Zin
The Shining One
Jiyva

Shops:
D:4 %   D:7 !   D:13 }}[:   Orc:2 [*(:   Elf:1 =   Elf:2 }[   Vaults:1 ?
Vaults:3 (*[

Portals:
Hell: Depths:1 Depths:2 Depths:3 Depths:4 Depths:5
Abyss: Depths:4 Depths:5
Pandemonium: Depths:3 Depths:4
Ziggurat: Depths:3

Annotations:
Lair:2 need fly, exclusion: 3 oklob plants
Lair:5 exclusion: oklob plant
Swamp:4 exclusion: Roxanne, Roxanne


Innate Abilities, Weirdness & Mutations

You reflexively headbutt those who attack you in melee.
You have a pair of horns on your head.
You often lose your temper in combat.
You are very frail. (-20% HP)
Your magical capacity is extremely low. (-30% MP)
You are very weak. (Str -4)
Your spells are a little easier to cast, but a little less powerful.
You expend magic power (3 MP) to strengthen your wands.


Message History

You climb upwards.
There is a stone staircase leading down here.
You see here a club.
There is a stone staircase leading up here.
You climb upwards.
There is a stone staircase leading down here.
There is a stone staircase leading up here.
You climb upwards.
There is a stone staircase leading down here.
You are near starving!
You eat one of the 31 meat rations.
That meat ration really hit the spot!
You eat one of the 30 meat rations.
That meat ration really hit the spot!
You're too full to eat anything.
You see here a dagger.
You see here a short sword.
There is a large open door here.
You see here a hand axe.
There is a staircase leading out of the dungeon here.
Are you sure you want to leave the Dungeon?
This will make you lose the game!
You have escaped!

###########
#8≈≈§≈≈≈≈8#
#...§.§...#
#...§.§...###
#....8....'.######
#@...8....'.......
#......)..########
#.........#
#8≈§≈§≈≈≈8#
###########


There were no monsters in sight!

Vanquished Creatures
  the Royal Jelly (Slime:5)
  Dissolution (Slime:2)
  2 ancient liches
  2 juggernauts (Depths:3)
  The ghost of herpmino the Axe Maniac, a legendary FoFi (Slime:5)
  A greater mummy (Tomb:1)
  Sojobo (Depths:4)
  The ghost of Azzok the Crack Shot, a veteran CeFi of Okawaru (Vaults:4)
  Frederick (Depths:4)
  Bai Suzhen (Spider:4)
  Nikola (Swamp:3)
  4 golden dragons
  3 caustic shrikes
  the Enchantress (Depths:3)
  3 bone dragons
  Arachne (Spider:3)
  5 liches
  6 tentacled monstrosities
  Rupert (D:13)
  Jorgrun (Swamp:2)
  2 quicksilver dragons
  27 acid blobs
  A deep elf blademaster (Elf:3)
  4 titans
  10 sphinxes
  3 ancient champions
  Kirke (Swamp:1)
  9 tengu reavers
  3 tentacled starspawn
  A storm dragon (Depths:4)
  Frances (D:13)
  A thorn hunter (Swamp:4)
  5 shadow dragons
  Donald (Swamp:1)
  A draconian monk (Depths:5)
  13 azure jellies
  A revenant (Crypt:1)
  Louise (Swamp:4)
  A blood saint (Pan)
  16 vault wardens
  6 ghost moths
  A balrug (Pan)
  4 frost giants
  10 deep elf sorcerers
  7 emperor scorpions
  8 fire giants
  Aizul (Spider:4)
  2 cacodemons
  4 ghouls
  6 deep elf elementalists (Elf:3)
  A draconian shifter (Abyss:2)
  2 orc warlords (Orc:2)
  3 spriggan defenders (Depths:3)
  7 war gargoyles
  A draconian stormcaller (Depths:5)
  A reaper (Pan)
  15 very ugly things
  12 stone giants
  13 vampire knights
  23 ironheart preservers
  Nessos (D:13)
  6 entropy weavers
  3 black draconians (Depths:5)
  6 deep elf demonologists
  A yellow draconian (Depths:5)
  2 purple draconians (Depths:5)
  14 deep elf annihilators
  14 spark wasps
  Snorg (D:13)
  A white draconian (Depths:5)
  A spark wasp (shapeshifter) (Depths:2)
  2 blizzard demons
  6 eidola
  A merfolk impaler (Depths:2)
  12 deep elf death magi
  A mummy priest (Tomb:1)
  14 ettins
  7 jiangshi
  Josephine (D:13)
  10 fire dragons
  6 death oozes
  4 crystal guardians
  7 deep elf high priests
  10 great orbs of eyes
  35 vault guards
  21 yaktaur captains
  6 rakshasas
  A monstrous demonspawn (Pan)
  14 ice dragons
  Fannar (D:10)
  23 hydras
  Erica (Lair:2)
  2 catoblepae
  4 spriggan air magi
  16 centaur warriors
  14 ogre magi
  10 deep troll shamans
  35 dancing weapons
  7 alligators
  46 two-headed ogres
  13 death scarabs (Tomb:1)
  9 tengu warriors
  7 death yaks (Lair:6)
  15 deep troll earth magi
  6 vampire magi
  7 spriggan berserkers
  2 titan zombies
  A storm dragon zombie (Crypt:3)
  4 orc high priests (Orc:2)
  2 titan skeletons
  10 thrashing horrors
  6 shadow wraiths
  Sonja (Lair:3)
  25 deep elf knights
  34 skeletal warriors
  7 soul eaters
  A death drake (shapeshifter) (Vaults:1)
  5 sun demons (Pan)
  4 sixfirhies
  5 hell knights (Crypt:3)
  A salamander mystic (Depths:1)
  45 deep trolls
  2 spatial maelstroms
  2 iron trolls
  2 wretched stars (Abyss:2)
  A ghost moth zombie (Tomb:1)
  5 unseen horrors
  2 shambling mangroves
  A golden dragon zombie (Crypt:3)
  10 swamp dragons
  8 flayed ghosts
  A gelid demonspawn (Pan)
  4 glowing orange brains
  23 deep elf archers
  A tengu zombie (Vaults:3)
  2 spriggan druids
  8 ironbrand convokers
  A sphinx zombie (Depths:1)
  19 wizards
  Pikel (D:4)
  8 lindwurms
  A shadow dragon zombie (Crypt:1)
  14 orb spiders
  A golden dragon skeleton (Crypt:1)
  15 orc knights
  2 stone giant zombies
  7 phantasmal warriors
  A wolf spider zombie (Crypt:1)
  4 shining eyes
  8 orc sorcerers
  12 necromancers
  A fire giant zombie (Crypt:1)
  2 human zombies (Vaults:1)
  A shadow dragon skeleton (Tomb:1)
  40 ugly things
  68 deep elf magi
  4 salamanders
  85 slime creatures
  8 cyclopes
  3 centaur zombies
  29 wolf spiders
  2 manticores
  A worldbinder (Abyss:2)
  17 vault sentinels
  A shining eye (shapeshifter) (Vaults:4)
  6 rust devils
  2 guardian serpents (shapeshifter)
  9 elephants
  4 black mambas
  4 smoke demons
  A torpor snail (Spider:4)
  3 eyes of devastation
  A guardian serpent (Abyss:2)
  2 stone giant skeletons
  2 orange demons
  2 gargoyles
  An efreet (D:14)
  2 spiny frogs (shapeshifter)
  A yaktaur (shapeshifter) (Vaults:2)
  A catoblepas zombie (Crypt:3)
  4 freezing wraiths
  7 komodo dragons
  18 spiny frogs
  4 rime drakes
  A yaktaur skeleton (Depths:1)
  68 yaktaurs
  4 kobold demonologists
  A purple draconian zombie (Crypt:2)
  3 tengu conjurers
  5 ancient zymes
  An ice devil (Depths:3)
  20 demonic crawlers
  A hellwing (Abyss:2)
  7 guardian mummies (Tomb:1)
  A merfolk (shapeshifter) (Vaults:2)
  An alligator snapping turtle skeleton (Crypt:1)
  A queen bee (D:13)
  A jumping spider (shapeshifter) (Vaults:1)
  28 jumping spiders
  6 trolls
  A polar bear (shapeshifter) (Vaults:1)
  3 meliai (D:13)
  7 tyrant leeches
  A shadow dragon simulacrum (Vaults:3)
  3 polar bears
  27 hornets
  A harpy skeleton (Crypt:2)
  A hydra skeleton (Crypt:3)
  An ettin zombie (Abyss:1)
  A wolf spider simulacrum (D:15)
  A spriggan zombie (Depths:1)
  A hippogriff (shapeshifter) (Vaults:4)
  10 dream sheep (Lair:6)
  6 bog bodies
  14 blink frogs
  A tarantella zombie (Crypt:2)
  A slime creature (shapeshifter) (Vaults:5)
  A frost giant simulacrum (Vaults:2)
  A stone giant simulacrum (Crypt:1)
  8 raiju
  18 hippogriffs
  2 fire dragon zombies (Crypt:3)
  An ice dragon zombie (Depths:1)
  A fire dragon skeleton (Crypt:3)
  A snapping turtle (shapeshifter) (D:14)
  7 air elementals
  An ice dragon skeleton (Depths:1)
  40 flying skulls
  3 shadows
  2 ettin skeletons
  13 spriggans
  34 tarantellas
  2 alligator skeletons
  4 vampires
  3 basilisks
  10 wraiths
  A black mamba skeleton (Crypt:1)
  59 redbacks
  8 fire bats
  10 water elementals
  6 hogs
  5 wyverns
  11 ynoxinuls
  4 fire elementals
  A yak (shapeshifter) (Depths:1)
  20 yaks
  2 hungry ghosts
  4 ushabtiu (Tomb:1)
  A golden eye (shapeshifter) (Vaults:4)
  A steam dragon (D:13)
  A yaktaur simulacrum (Vaults:3)
  2 chaos spawn
  4 neqoxecs
  A human (D:7)
  9 small abominations
  17 vampire mosquitoes
  Edmund (D:4)
  20 insubstantial wisps
  2 spatial vortices
  17 swamp worms
  8 wargs
  2 soldier ants
  A deep troll zombie (Crypt:2)
  A floating eye (shapeshifter) (Vaults:5)
  Duvessa (D:5)
  An acid dragon (Vaults:2)
  9 water moccasins
  A soldier ant (shapeshifter) (Abyss:2)
  9 porcupines
  12 large abominations
  A deep troll skeleton (Vaults:3)
  2 floating eyes (D:10)
  13 swamp drakes
  4 sky beasts
  A slave (D:4)
  37 ogres
  54 orc warriors
  4 black bears
  An eye of draining (shapeshifter) (Vaults:4)
  An eye of draining (Slime:1)
  A hornet zombie (Crypt:2)
  An ice beast (D:9)
  7 phantoms
  14 boggarts
  A swamp dragon zombie (Crypt:3)
  15 wolves
  A snapping turtle skeleton (Crypt:3)
  8 necrophages
  17 centaurs
  12 crocodiles
  2 human skeletons
  Blork the orc (D:4)
  7 bullfrogs
  10 big kobolds
  5 earth elementals
  A gnoll sergeant (D:9)
  A bullfrog (shapeshifter) (Vaults:3)
  A wyvern zombie (D:12)
  Dowan (D:5)
  7 scorpions
  A raiju zombie (Crypt:2)
  23 killer bees
  2 troll zombies
  25 wights
  3 howler monkeys
  4 electric eels
  9 crimson imps
  3 bullfrog zombies
  A demonspawn zombie (Crypt:1)
  A jelly (shapeshifter) (Depths:5)
  7 quasits
  28 starcursed masses
  Crazy Yiuf (D:5)
  5 jellies
  A gnoll shaman (D:8)
  7 hounds
  An iron imp (Abyss:2)
  23 orc priests
  42 orc wizards
  6 centaur skeletons
  Jessica (D:3)
  A bullfrog skeleton (D:9)
  Ijyb (D:3)
  Terence (D:3)
  6 iguanas
  5 hell rats (Lair:6)
  11 worker ants
  7 ogre zombies (D:11)
  3 hound skeletons
  4 mummies (Tomb:1)
  2 worker ant zombies
  A howler monkey zombie (D:6)
  16 adders
  12 gnolls
  A river rat (D:4)
  A steam dragon zombie (Crypt:1)
  5 shadow imps
  2 white imps
  3 ufetubi (Abyss:2)
  An adder skeleton (D:10)
  5 worms
  2 dart slugs
  9 leopard geckos
  96 orcs
  A bat skeleton (Crypt:1)
  6 giant cockroaches
  4 hobgoblins
  7 quokkas
  4 bats
  3 frilled lizards
  A frilled lizard (shapeshifter) (Depths:3)
  A gnoll skeleton (Crypt:2)
  4 goblins
  A goblin zombie (D:11)
  A hobgoblin zombie (D:11)
  25 kobolds
  6 orc skeletons (D:11)
  17 orc zombies (D:11)
  A quokka skeleton (D:6)
  4 rats
  A river rat skeleton (Crypt:1)
  2 briar patches (Swamp:4)
  2 butterflies (Lair:2)
  2 crawling corpses
  A fungus (D:10)
  A plant (Lair:6)
  4 starspawn tentacles (Abyss:1)
2698 creatures vanquished.

Vanquished Creatures (collateral kills)
  An electric eel (Lair:6)
1 creature vanquished.

Vanquished Creatures (others)
  2 deep elf master archers (Elf:3)
  A tengu warrior (D:14)
  2 death scarabs (Tomb:1)
  2 deep elf knights
  A skeletal warrior (Tomb:1)
  A shambling mangrove (Swamp:1)
  6 deep elf archers
  A smoke demon (Abyss:1)
  A hornet (Swamp:2)
  A spriggan (Swamp:2)
  A human (Swamp:1)
  A soldier ant (shapeshifter) (Vaults:4)
  A slave (D:4)
  An ogre (Vaults:4)
  2 boggarts
  A wyvern zombie (D:14)
  A worker ant (D:4)
  A worm (D:4)
  2 orcs (D:4)
  A bat (D:2)
  A briar patch (Swamp:4)
  10 fungi
  10 plants
  9 starspawn tentacles
60 creatures vanquished.

Grand Total: 2759 creatures vanquished

Notes
Turn   | Place    | Note
-------+----------+-------------------------------------------
     0 | D:1      | Lifeless the Minotaur Fighter began the quest for the Orb.
     0 | D:1      | Reached XP level 1. HP: 19/19 MP: 0/0
   500 | D:1      | Reached XP level 2. HP: 27/27 MP: 1/1
  1394 | D:2      | Found a white marble altar of Elyvilon.
  1448 | D:2      | Reached XP level 3. HP: 33/33 MP: 2/2
  1695 | D:3      | Noticed Ijyb
  1720 | D:3      | Found a shimmering altar of Xom.
  2006 | D:3      | Reached XP level 4. HP: 41/41 MP: 3/3
  2107 | D:3      | Noticed Jessica
  2117 | D:3      | Killed Jessica
  2292 | D:3      | Reached XP level 5. HP: 39/47 MP: 4/4
  2301 | D:3      | Killed Ijyb
  2301 | D:3      | Reached skill level 5 in Armour
  2349 | D:3      | Noticed Terence
  2355 | D:3      | Killed Terence
  2355 | D:3      | Reached skill level 1 in Dodging
  2480 | D:3      | Found a shattered altar of Ashenzari.
  2597 | D:4      | Reached XP level 6. HP: 11/53 MP: 5/5
  2599 | D:4      | Reached skill level 5 in Shields
  2838 | D:4      | Reached skill level 5 in Long Blades
  3046 | D:4      | Reached skill level 5 in Fighting
  3270 | D:4      | Reached XP level 7. HP: 61/61 MP: 6/6
  3286 | D:4      | Noticed Pikel
  3289 | D:4      | Found Pacionass's Food Emporium.
  3579 | D:4      | Killed Pikel
  3756 | D:4      | Reached XP level 8. HP: 70/70 MP: 7/7
  3778 | D:4      | Noticed Edmund
  3795 | D:4      | Killed Edmund
  4045 | D:4      | Noticed Blork the orc
  4076 | D:4      | Killed Blork the orc
  4771 | D:5      | Entered Level 5 of the Dungeon
  5341 | D:5      | Noticed Duvessa
  5341 | D:5      | Noticed Dowan
  5354 | D:5      | Killed Duvessa
  5357 | D:5      | Killed Dowan
  5428 | D:5      | Found a runed door.
  5432 | D:5      | Noticed Crazy Yiuf
  5437 | D:5      | Killed Crazy Yiuf
  5750 | D:5      | Reached XP level 9. HP: 78/78 MP: 8/8
  5848 | D:6      | Found a hide-covered altar of Uskayaw.
  7318 | D:7      | Found Ajuleoll's Distillery.
  7885 | D:7      | Found a sand-covered staircase.
  8252 | D:7      | Reached skill level 10 in Long Blades
  8423 | D:7      | Found a staircase to the Ecumenical Temple.
  8432 | Temple   | Entered the Ecumenical Temple
  8564 | Temple   | Became a worshipper of Warmaster Okawaru
  8712 | D:7      | Reached XP level 10. HP: 68/86 MP: 9/9
  8760 | D:7      | Reached skill level 1 in Throwing
  8877 | D:7      | Reached * piety under Okawaru
  8964 | D:7      | Got a dazzling ring mail
  8975 | D:7      | Identified the cursed +0 ring mail of the True Pharaoh {Dex+5} (You found it on level 7 of the Dungeon)
  9786 | D:8      | Found a bloodstained altar of Trog.
  9787 | D:8      | Found a glowing silver altar of Zin.
  9845 | D:8      | Found a sparkling altar of Nemelex Xobeh.
 10070 | D:8      | You fall through a shaft for 3 floors!
 10075 | D:11     | Reached skill level 5 in Dodging
 10166 | D:11     | Noticed a gargoyle
 10169 | D:11     | Killed a gargoyle
 10260 | D:11     | Found a staircase to the Orcish Mines.
 10372 | D:11     | Reached ** piety under Okawaru
 10372 | D:11     | Reached skill level 10 in Shields
 10488 | D:11     | Noticed a wizard
 10492 | D:11     | Killed a wizard
 10737 | D:11     | Noticed a two-headed ogre
 10757 | D:11     | Killed a two-headed ogre
 10757 | D:11     | Reached XP level 11. HP: 79/95 MP: 7/10
 10776 | D:11     | Reached *** piety under Okawaru
 11305 | D:11     | Noticed a brown ugly thing
 11316 | D:11     | Killed a brown ugly thing
 11437 | D:11     | Got a slimy chain mail
 11438 | D:11     | Identified the +5 chain mail of Insecurity {Regen+ SInv} (You found it on level 11 of the Dungeon)
 11487 | D:11     | Reached **** piety under Okawaru
 11973 | D:12     | Noticed a two-headed ogre
 11983 | D:12     | Killed a two-headed ogre
 12291 | D:12     | Noticed a red ugly thing
 12305 | D:12     | Killed a red ugly thing
 12721 | D:13     | Noticed Frances
 12858 | D:13     | Noticed Nessos
 13022 | D:13     | Noticed Rupert
 13076 | Orc:1    | Entered Level 1 of the Orcish Mines
 13170 | Orc:2    | Entered Level 2 of the Orcish Mines
 13184 | Orc:2    | Found a bloodstained altar of Trog.
 13339 | Orc:2    | Found a staircase to the Elven Halls.
 13708 | Orc:2    | Noticed an orc sorcerer
 13719 | Orc:2    | Killed an orc sorcerer
 13813 | Orc:2    | Noticed an orc high priest
 13864 | Orc:2    | Noticed a sixfirhy
 13879 | Orc:2    | Killed an orc high priest
 13879 | Orc:2    | Reached ***** piety under Okawaru
 13879 | Orc:2    | Received a gift from Okawaru
 13969 | Orc:2    | Noticed an orc warlord
 14018 | Orc:2    | Reached skill level 5 in Throwing
 14044 | Orc:2    | Killed an orc warlord
 14164 | Orc:2    | Upgraded the game from 0.20-a0-939-g04f5055 to 0.20-a0-941-gba1b1f9
 14209 | Orc:2    | Noticed an orc knight
 14281 | Orc:2    | Noticed an orc sorcerer
 14289 | Orc:2    | Killed an orc sorcerer
 14289 | Orc:2    | Received a gift from Okawaru
 14289 | Orc:2    | Reached XP level 12. HP: 85/105 MP: 11/11
 14397 | Orc:2    | Noticed an orc warlord
 14399 | Orc:2    | Reached skill level 1 in Invocations
 14611 | Orc:2    | Killed an orc warlord
 14956 | Orc:2    | Reached skill level 10 in Armour
 14963 | Orc:2    | Received a gift from Okawaru
 15099 | Orc:2    | Got an encrusted scarf {god gift}
 15105 | Orc:2    | Identified the scarf of Limited Liability {Int+3} (Okawaru gifted it to you on level 2 of the Orcish Mines)
 15262 | Orc:2    | Noticed an orc high priest
 15269 | Orc:2    | Killed an orc high priest
 15361 | Orc:2    | Reached skill level 10 in Fighting
 15483 | Orc:2    | Noticed an orc high priest
 15510 | Orc:2    | Killed an orc high priest
 15602 | Orc:2    | Noticed an orc high priest
 15620 | Orc:2    | Killed an orc high priest
 15728 | Orc:2    | Found Ubol's General Store.
 15729 | Orc:2    | Found Futhrius's Book Shop.
 15739 | Orc:2    | Found Ugodghez's Antique Armour Boutique.
 15739 | Orc:2    | Found Tusais's Antique Weapon Boutique.
 15746 | Orc:2    | Bought a runed demon blade for 540 gold pieces
 16150 | D:10     | Entered Level 10 of the Dungeon
 16209 | D:10     | Found a staircase to the Lair.
 16321 | D:10     | Paralysed by a floating eye for 2 turns
 16329 | D:10     | Paralysed by a floating eye for 2 turns
 16336 | D:10     | Paralysed by a floating eye for 4 turns
 16351 | D:10     | Reached XP level 13. HP: 106/113 MP: 13/13
 16424 | D:10     | Noticed Fannar
 16439 | D:10     | Killed Fannar
 16580 | D:10     | Got a jewelled great sword
 16587 | D:10     | Identified the +6 great sword "Damuv" {elec, rElec} (You found it on level 10 of the Dungeon)
 17278 | D:9      | Found a snail-covered altar of Cheibriados.
 17620 | D:9      | Received a gift from Okawaru
 17840 | Lair:1   | Entered Level 1 of the Lair of Beasts
 18661 | Lair:2   | Noticed Erica
 18667 | Lair:2   | Killed Erica
 18784 | Lair:2   | Received a gift from Okawaru
 18787 | Lair:2   | Got a pair of warped boots {god gift}
 18803 | Lair:2   | Identified the +4 pair of boots "Satufom" {rCorr} (Okawaru gifted it to you on level 2 of the Lair of Beasts)
 19716 | Lair:3   | Noticed Sonja
 19720 | Lair:3   | Killed Sonja
 19720 | Lair:3   | Reached skill level 10 in Throwing
 20103 | Lair:3   | Found a hole to the Spider Nest.
 20309 | Lair:3   | Found a staircase to the Swamp.
 21616 | Lair:5   | Received a gift from Okawaru
 21787 | Lair:5   | Reached XP level 14. HP: 124/124 MP: 14/14
 21821 | Lair:5   | Found a staircase to the Slime Pits.
 21824 | Lair:5   | Found a viscous altar of Jiyva.
 21920 | Lair:5   | Found a shimmering altar of Xom.
 21938 | Lair:5   | Received a gift from Okawaru
 21948 | Lair:5   | Cast into level 2 of the Abyss (a distortion unwield)
 22008 | Abyss:2  | Noticed a deep elf sorcerer
 22019 | Abyss:2  | Killed a deep elf sorcerer
 22032 | Abyss:2  | Noticed a tentacled starspawn
 22037 | Abyss:2  | Killed a tentacled starspawn
 22224 | Abyss:2  | Noticed a tentacled monstrosity
 22241 | Abyss:2  | Killed a tentacled monstrosity
 22251 | Abyss:2  | Received a gift from Okawaru
 22256 | Lair:5   | Escaped the Abyss
 22784 | Lair:6   | Entered Level 6 of the Lair of Beasts
 22834 | Lair:6   | Received a gift from Okawaru
 22847 | Lair:6   | Reached skill level 15 in Shields
 22994 | Lair:6   | Received a gift from Okawaru
 23097 | Lair:6   | Reached ****** piety under Okawaru
 23224 | Lair:6   | Received a gift from Okawaru
 23334 | Lair:6   | Reached skill level 15 in Long Blades
 23510 | Lair:6   | Got an ancient lapis lazuli ring
 23518 | Lair:6   | Identified the ring of Iricw {+Blink rF+ rN+ MR+ Int-4} (You found it on level 6 of the Lair of Beasts)
 24488 | Swamp:1  | Entered Level 1 of the Swamp
 24522 | Swamp:1  | Noticed Donald
 24530 | Swamp:1  | Killed Donald
 24530 | Swamp:1  | Reached XP level 15. HP: 129/133 MP: 12/15
 24601 | Swamp:1  | Noticed Kirke
 24617 | Swamp:1  | Killed Kirke
 24686 | Swamp:1  | Received a gift from Okawaru
 24922 | Swamp:1  | Identified 2 scrolls of acquirement
 24952 | Swamp:1  | Got an ancient double sword
 24953 | Swamp:1  | Identified the +5 double sword "Hydrabane" {freeze, rPois Str+4} (You acquired it on level 1 of the Swamp)
 25565 | Swamp:2  | Noticed Jorgrun
 25576 | Swamp:2  | Killed Jorgrun
 27131 | Swamp:3  | Noticed Nikola
 27735 | Swamp:3  | Killed Nikola
 27735 | Swamp:3  | Received a gift from Okawaru
 28214 | Swamp:4  | Entered Level 4 of the Swamp
 28302 | Swamp:4  | Noticed Louise
 28636 | Swamp:4  | Received a gift from Okawaru
 28797 | Swamp:4  | Reached XP level 16. HP: 137/144 MP: 17/17
 29388 | Swamp:4  | Killed Louise
 29528 | Swamp:4  | Received a gift from Okawaru
 29575 | Swamp:4  | Noticed Roxanne
 29659 | Swamp:4  | Noticed a thorn hunter
 29685 | Swamp:4  | Killed a thorn hunter
 29986 | Swamp:4  | Got a decaying rune of Zot
 30427 | Spider:1 | Entered Level 1 of the Spider Nest
 31441 | Spider:2 | Received a gift from Okawaru
 31780 | Spider:2 | Lost intelligence.
 31792 | Spider:2 | Received a gift from Okawaru
 33240 | Spider:2 | You fall through a shaft!
 34678 | Spider:3 | Noticed Arachne
 34694 | Spider:3 | Killed Arachne
 34827 | Spider:4 | Entered Level 4 of the Spider Nest
 35619 | Spider:3 | Reached XP level 17. HP: 154/154 MP: 18/18
 35685 | Spider:4 | Noticed Aizul
 35699 | Spider:4 | Killed Aizul
 35946 | Spider:4 | Noticed Bai Suzhen
 35968 | Spider:4 | Killed Bai Suzhen
 36238 | Spider:4 | Received a gift from Okawaru
 37147 | Spider:4 | Got a gossamer rune of Zot
 37308 | Spider:4 | Reached skill level 15 in Fighting
 37841 | Elf:1    | Entered Level 1 of the Elven Halls
 38007 | Elf:1    | Found Rusko's Jewellery Shoppe.
 38130 | Elf:1    | Received a gift from Okawaru
 38595 | Elf:1    | Identified Sif Muna's Volume of Blows and Bruises
 38937 | Elf:1    | Noticed a Brimstone Fiend
 39175 | Elf:2    | Found Lets's Gadget Shop.
 39291 | Elf:2    | Found a radiant altar of Vehumet.
 39367 | Elf:2    | Reached XP level 18. HP: 163/163 MP: 19/19
 39593 | Elf:2    | Found Piobufoo's Armour Shop.
 39862 | Elf:2    | Found a huge runed gate.
 39862 | Elf:2    | Found a huge runed gate.
 39862 | Elf:2    | Found a huge runed gate.
 39862 | Elf:2    | Found a huge runed gate.
 39864 | Elf:2    | Found a huge runed gate.
 40198 | Elf:2    | Received a gift from Okawaru
 40836 | Elf:2    | Reached skill level 15 in Armour
 41050 | Elf:3    | Entered Level 3 of the Elven Halls
 41051 | Elf:3    | Upgraded the game from 0.20-a0-941-gba1b1f9 to 0.20-a0-945-g3bf614a
 41618 | Elf:3    | Reached skill level 15 in Throwing
 42347 | Elf:3    | Received a gift from Okawaru
 42861 | Elf:3    | Got a faintly humming chain mail
 42861 | Elf:3    | Got a twisted plate armour
 42875 | Elf:3    | Identified the +8 plate armour of Beauty {rPois} (You took it off a deep elf blademaster on level 3 of the Elven Halls)
 42889 | Elf:3    | Identified the +3 chain mail of the Jabberwock {*Drain rElec rN+++ MR-} (You took it off a deep elf high priest on level 3 of the Elven Halls)
 42931 | Elf:3    | Cast into level 2 of the Abyss (a deep elf demonologist)
 42931 | Abyss:2  | Found a corrupted altar of Lugonu.
 43250 | Abyss:3  | Reached XP level 19. HP: 166/172 MP: 20/20
 43261 | Abyss:3  | Got a pair of slimy boots
 43272 | Abyss:3  | Identified the +4 pair of boots of the Depths {+Inv +Fly Regen+ Dex-4} (You found it on level 3 of the Abyss)
 43383 | Abyss:3  | Found a hazy altar of Hepliaklqana.
 43460 | Abyss:3  | Noticed a lich
 43474 | Abyss:3  | Killed a lich
 43533 | Elf:3    | Escaped the Abyss
 43537 | Elf:3    | Noticed a Brimstone Fiend
 44335 | Elf:3    | Found a deep blue altar of Sif Muna.
 44576 | D:13     | Killed Rupert
 44630 | D:13     | Noticed Josephine
 44638 | D:13     | Killed Josephine
 44740 | D:13     | Killed Frances
 44842 | D:13     | Noticed Snorg
 44859 | D:13     | Killed Snorg
 44933 | D:13     | Found Dap Coxkayt's Antique Armour Shop.
 45321 | D:13     | Found Cudiegamn's Book Shop.
 45930 | D:13     | Killed Nessos
 46125 | D:13     | Found Zioth's Gadget Boutique.
 46200 | D:13     | Found Ymah Nic's Gadget Shop.
 46358 | D:13     | Received a gift from Okawaru
 46540 | D:14     | Found a blossoming altar of Fedhas.
 46766 | D:14     | Found a basalt altar of Yredelemnul.
 46930 | D:14     | Found a gate to the Vaults.
 47666 | D:15     | Entered Level 15 of the Dungeon
 48018 | D:15     | Received a gift from Okawaru
 48204 | D:15     | Found a staircase to the Depths.
 48758 | Vaults:1 | Entered Level 1 of the Vaults
 48972 | Vaults:1 | Noticed a Tzitzimitl
 48973 | Vaults:1 | Cast into level 2 of the Abyss (a deep elf demonologist)
 48980 | Vaults:1 | Escaped the Abyss
 49282 | Vaults:1 | Reached XP level 20. HP: 184/184 MP: 21/21
 49646 | Vaults:1 | Cast into level 2 of the Abyss (a deep elf sorcerer)
 49880 | Vaults:1 | Escaped the Abyss
 50222 | Vaults:1 | Found Lin Okuh's Magic Scroll Boutique.
 50230 | Vaults:1 | Bought a scroll of identify for 36 gold pieces
 50230 | Vaults:1 | Bought a scroll of identify for 36 gold pieces
 50230 | Vaults:1 | Bought a scroll of teleportation for 54 gold pieces
 50230 | Vaults:1 | Bought a scroll of teleportation for 54 gold pieces
 50230 | Vaults:1 | Bought a scroll of identify for 36 gold pieces
 50771 | Vaults:1 | Got a heavily runed chain mail
 50782 | Vaults:1 | Identified the cursed +1 chain mail "Wuakho" {+Blink rElec SInv Stlth+} (You found it on level 1 of the Vaults)
 51159 | Vaults:1 | Received a gift from Okawaru
 51758 | Vaults:2 | Found a staircase to the Crypt.
 52216 | Vaults:2 | Received a gift from Okawaru
 53155 | Vaults:2 | Reached XP level 21. HP: 194/194 MP: 22/22
 53508 | Vaults:3 | Received a gift from Okawaru
 53933 | Vaults:3 | Received a gift from Okawaru
 54032 | Vaults:3 | Received a gift from Okawaru
 54228 | Vaults:3 | Found Gozag's Antique Armour Emporium.
 54318 | Vaults:3 | Found Gozag's Antique Weapon Shoppe.
 54345 | Vaults:3 | Found an opulent altar of Gozag.
 54345 | Vaults:3 | Found Gozag's Assorted Antiques.
 54359 | Vaults:3 | Bought a heavily runed plate armour for 2800 gold pieces
 54359 | Vaults:3 | Identified the +8 plate armour of the Pirate {Str+4} (You bought it in a shop on level 3 of the Vaults)
 54613 | Vaults:3 | Received a gift from Okawaru
 54984 | Vaults:4 | Noticed Azzok's ghost (veteran CeFi)
 55055 | Vaults:4 | Received a gift from Okawaru
 55077 | Vaults:4 | Got a polished cloak {god gift}
 55080 | Vaults:4 | Identified the -4 cloak of the Tortoise {rElec rN+ Int+4} (Okawaru gifted it to you on level 4 of the Vaults)
 55087 | Vaults:4 | Killed Azzok's ghost
 55678 | Vaults:4 | Paralysed by a great orb of eyes for 3 turns
 55686 | Vaults:4 | Got a crude wooden ring
 56339 | Vaults:4 | Identified the ring "Zelyok" {rPois rF+ Int+2 SInv} (You took it off an orc warrior on level 4 of the Vaults)
 56643 | Vaults:4 | Reached XP level 22. HP: 195/205 MP: 23/23
 56926 | Vaults:4 | Received a gift from Okawaru
 57420 | Vaults:5 | Entered Level 5 of the Vaults
 57909 | Vaults:5 | Received a gift from Okawaru
 58302 | Vaults:4 | Received a gift from Okawaru
 58538 | Depths:1 | Entered Level 1 of the Depths
 58611 | Depths:1 | Received a gift from Okawaru
 58615 | Depths:1 | Paralysed by a vampire knight for 6 turns
 58832 | Depths:1 | Received a gift from Okawaru
 58950 | Depths:1 | Noticed an ancient lich
 58961 | Depths:1 | Killed an ancient lich
 58969 | Depths:1 | Received a gift from Okawaru
 59630 | Depths:1 | Found a gateway to Hell.
 60444 | Depths:2 | Reached XP level 23. HP: 215/215 MP: 24/24
 61159 | Depths:2 | Noticed a caustic shrike
 61183 | Depths:2 | Killed a caustic shrike
 61822 | Depths:2 | Received a gift from Okawaru
 61825 | Depths:2 | Got a crude scimitar {god gift}
 61849 | Depths:2 | Identified the +3 scimitar "Newtbane" {holy, rElec rN+} (Okawaru gifted it to you on level 2 of the Depths)
 62023 | Depths:3 | Noticed the Enchantress
 62026 | Depths:3 | Noticed a juggernaut
 62026 | Depths:3 | Noticed a juggernaut
 62068 | Depths:3 | Killed the Enchantress
 62147 | Depths:3 | Killed a juggernaut
 62159 | Depths:3 | Killed a juggernaut
 62208 | Depths:3 | Received a gift from Okawaru
 62274 | Depths:3 | Got faerie dragon scales
 62293 | Depths:3 | Identified the +5 faerie dragon scales {rF+ rCorr Str+2} (You took it off the Enchantress on level 3 of the Depths)
 62523 | Depths:3 | Found a gateway to a ziggurat.
 63014 | Depths:3 | Found a one-way gate leading to the halls of Pandemonium.
 63021 | Depths:3 | Gained mutation: You expend magic power (3 MP) to strengthen your wands. [a cacodemon]
 64112 | Vaults:4 | Gained mutation: You tend to lose your temper in combat. [a neqoxec]
 64772 | Vaults:5 | Reached XP level 24. HP: 206/226 MP: 24/24
 65057 | Vaults:5 | Received a gift from Okawaru
 65060 | Vaults:5 | Got a pair of crude gloves {god gift}
 65071 | Vaults:5 | Identified the +0 pair of gloves of Grace {Str+4} (Okawaru gifted it to you on level 5 of the Vaults)
 65163 | Vaults:5 | Got a pitted falchion
 65172 | Vaults:5 | Identified the +4 falchion of Exoneration {antimagic, *Contam rElec rN++ Dex+4} (You found it on level 5 of the Vaults)
 65188 | Vaults:5 | Gained mutation: Your magical capacity is low. (-10% MP) [mutagenic glow]
 65472 | Vaults:5 | Got a bound iron ring
 65482 | Vaults:5 | Identified the ring of the Madman {MP+9 Str+3 SInv} (You found it on level 5 of the Vaults)
 65738 | Vaults:5 | Got a translucent copper ring
 66040 | Vaults:5 | Identified the ring "Zijet" {rN+ Dex+6 Slay-3 Stlth+} (You took it off a vault warden on level 5 of the Vaults)
 66494 | Vaults:5 | Got a silver rune of Zot
 67184 | Depths:3 | Paralysed by a lich for 4 turns
 67301 | Depths:4 | Noticed Frederick
 67313 | Depths:4 | Killed Frederick
 67623 | Depths:4 | Reached skill level 27 in Shields
 67626 | Depths:4 | Received a gift from Okawaru
 68103 | Depths:4 | Found a one-way gate to the infinite horrors of the Abyss.
 68296 | Depths:4 | Noticed Sojobo
 68327 | Depths:4 | Killed Sojobo
 68327 | Depths:4 | Received a gift from Okawaru
 68417 | Depths:4 | Received a gift from Okawaru
 68562 | Depths:4 | Found a hazy altar of Hepliaklqana.
 68649 | Depths:5 | Entered Level 5 of the Depths
 68905 | Depths:5 | Reached XP level 25. HP: 209/237 MP: 22/22
 69464 | Depths:5 | Received a gift from Okawaru
 69471 | Depths:5 | Got a shimmering falchion {god gift}
 69472 | Depths:5 | Identified the +5 falchion of Descent {slice, Dex+4 Stlth+} (Okawaru gifted it to you on level 5 of the Depths)
 69917 | Depths:5 | Found a gate to the Realm of Zot.
 70989 | Pan      | Entered Pandemonium
 71106 | Pan      | Found an exit through the horrors of the Abyss.
 71260 | Pan      | Found a huge runed gate.
 71683 | Pan      | Noticed Cogrusos the pandemonium lord
 71818 | Pan      | Received a gift from Okawaru
 72224 | Pan      | Gained mutation: Scrolls take you a little longer to read. [a neqoxec]
 72476 | Depths:3 | Escaped Pandemonium
 72939 | Crypt:1  | Entered Level 1 of the Crypt
 73074 | Crypt:1  | Received a gift from Okawaru
 73243 | Crypt:1  | Received a gift from Okawaru
 73763 | Crypt:1  | You fall through a shaft!
 74808 | Crypt:3  | Entered Level 3 of the Crypt
 74872 | Crypt:3  | Received a gift from Okawaru
 74872 | Crypt:3  | Reached XP level 26. HP: 235/251 MP: 22/22
 74888 | Crypt:3  | Got an ichor-stained cloak {god gift}
 74899 | Crypt:3  | Identified the +0 cloak of Gogea {rC+ Str-3 Int+3 Slay+2} (Okawaru gifted it to you on level 3 of the Crypt)
 75051 | Crypt:3  | Got a vibrating marble ring
 75051 | Crypt:3  | Got a flickering platinum ring
 75051 | Crypt:3  | Got a scintillating granite ring
 75057 | Crypt:3  | Identified the ring of the Endless Expanse {rElec rF+ rN+ Str+5 Int-4} (You found it on level 3 of the Crypt)
 75059 | Crypt:3  | Identified the ring of Olan {rN+ MR+ Str+3 Dex+3 Stlth+} (You found it on level 3 of the Crypt)
 75061 | Crypt:3  | Identified the ring "Ateot" {rN+ Str-2 Dex+4} (You found it on level 3 of the Crypt)
 75175 | Crypt:3  | Found a staircase to the Tomb.
 75425 | Crypt:3  | Found a basalt altar of Yredelemnul.
 75425 | Crypt:3  | Noticed an ancient lich
 75432 | Crypt:3  | Killed an ancient lich
 75531 | Crypt:3  | Got a faintly glowing bone ring
 75538 | Crypt:3  | Identified the cursed ring "Gap Ynu" {rF+ Str-2 Dex+3} (You found it on level 3 of the Crypt)
 76070 | Tomb:1   | Entered Level 1 of the Tomb of the Ancients
 76658 | Tomb:1   | Noticed a greater mummy
 76672 | Tomb:1   | Killed a greater mummy
 77389 | Tomb:1   | Noticed a greater mummy
 77976 | Slime:1  | Entered Level 1 of the Pits of Slime
 77989 | Slime:1  | Received a gift from Okawaru
 77990 | Slime:1  | Gained mutation: Your magical capacity is very low. (-20% MP) [a shining eye]
 77993 | Slime:1  | Gained mutation: You are weak. (Str -2) [a shining eye]
 78004 | Slime:1  | Gained mutation: You are very weak. (Str -4) [a shining eye]
 78008 | Slime:1  | Gained mutation: You are frail. (-10% HP) [a shining eye]
 78016 | Slime:1  | Gained mutation: Your spells are a little easier to cast, but a little less powerful. [a shining eye]
 78022 | Slime:1  | Lost mutation: Scrolls take you a little longer to read. [a shining eye]
 78289 | Slime:2  | Noticed Dissolution
 78295 | Slime:2  | Gained mutation: Your magical capacity is extremely low. (-30% MP) [a shining eye]
 78298 | Slime:2  | Killed Dissolution
 78600 | Slime:5  | Entered Level 5 of the Pits of Slime
 78666 | Slime:5  | Received a gift from Okawaru
 78729 | Slime:5  | Gained mutation: You are very frail. (-20% HP) [a shining eye]
 78730 | Slime:5  | Gained mutation: You often lose your temper in combat. [a shining eye]
 78748 | Slime:5  | Noticed the Royal Jelly
 78763 | Slime:5  | Noticed herpmino's ghost (legendary FoFi)
 79269 | Slime:5  | Killed herpmino's ghost
 79632 | Slime:5  | Killed the Royal Jelly
 79632 | Slime:5  | Reached skill level 27 in Long Blades
 79632 | Slime:5  | Reached XP level 27. HP: 211/211 MP: 17/17
 80724 | Slime:5  | Got a warped lead ring
 80727 | Slime:5  | Got a slimy rune of Zot
 80860 | Slime:5  | Identified the ring "Hiesaom" {+Fly MR+++ Str-2 Int-3 Dex+10} (You found it on level 5 of the Pits of Slime)
 81560 | Depths:4 | Voluntarily entered the Abyss.
 81586 | Abyss:1  | Found a hazy altar of Hepliaklqana.
 81719 | Abyss:1  | Found a hazy altar of Hepliaklqana.
 81843 | Abyss:1  | Found a hazy altar of Hepliaklqana.
 82240 | Abyss:2  | Paralysed by accursed screaming for 1 turns
 82251 | Abyss:2  | Paralysed by accursed screaming for 1 turns
 82314 | Depths:4 | Escaped the Abyss
 83028 | D:$      | Got out of the dungeon!

Vault maps used:
D:1:      lightli_arrival_noodles
D:2:      elyvilon_altar_4, first_bread
D:3:      marbit_many_paths, nicolae_overflow_hidden_temple, xom_butterflies,
          uniq_terence, uniq_jessica, uniq_iyjb
D:4:      gup_sewer_entry_bubbles, serial_shops, nicolae_shop_stone,
          kennysheep_nondescript, minmay_misc_feat_square, uniq_pikel,
          uniq_blork_the_orc, uniq_edmund
D:5:      uniq_crazy_yiuf_cottage, uniq_duvessa
D:6:      nicolae_overflow_crystal_walls, hangedman_abyss_or_decor_stabs,
          minmay_bent
D:7:      minmay_temple_entry_poolview, serial_shops, shop,
          lightli_ossuary_entry_decrepit_ruins, grunt_livestock,
          minmay_checkerbox
D:8:      lemuel_doored_altar, gammafunk_temple_overflow_statue,
          kennysheep_kite_vault
D:9:      lemuel_coloured_pillars_altar, serial_column_ruins,
          column_ruins_corridor_corner, column_ruins_columns_corner,
          column_ruins_grid_1, column_ruins_open_tiny, column_ruins_grid_3
D:10:     minmay_lair_entry_grove, onia_ninara_cookie, uniq_fannar
D:11:     zombieorc2_lemuel, lightli_orcish_oven
D:12:     kennysheep_flooded_box, minmay_misc_feat_four_crosses,
          kennysheep_generic_room_10
D:13:     serial_shops, shop, shop, shop, shop, minivault_7, uniq_rupert,
          uniq_nessos, uniq_frances, uniq_josephine, uniq_snorg
D:14:     lightli_vaults_fourway_checkpoint, fedhas_altar_fruit_tree,
          basic_altar
D:15:     grunt_enter_depths_snipers, grunt_decor_mini_mirrors
Temple:   dshaligram_water_room_temple
Lair:2:   minmay_lindwurm_lava, minmay_lair_oklob_chamber, serial_bayou_shore_b,
          lemuel_fruit_tree, lemuel_fruit_fields, uniq_erica
Lair:3:   minmay_swamp_entry_worms, spider_nest_entry_web_field, uniq_sonja
Lair:4:   serial_bayou_shore_b, grunt_megastairs_4, infiniplex_staircase_pool
Lair:5:   slime_altar_1, serial_bayou_pond_b, lemuel_oklob_altar
Lair:6:   grunt_lair_end_beastmaster, serial_bayou_pond_b, serial_bayou_pond_b,
          serial_bayou_shore_b
Swamp:1:  evilmike_swamp_ruin_rubble_2, uniq_kirke, uniq_donald
Swamp:2:  serial_swamp_ruin, evilmike_swamp_ruin_house_5,
          evilmike_swamp_ruin_house_4, evilmike_swamp_ruin_house_2, swamp_pool1,
          uniq_jorgrun
Swamp:3:  nicolae_swamp_rocky_clearing, infiniplex_staircase_pool_2, uniq_nikola
Swamp:4:  swamp_alternative, uniq_roxanne, uniq_louise
Spider:1: hangedman_spider_tarantella_strand
Spider:3: hangedman_stitches_earthworm, nicolae_spider_cling_ruins, uniq_arachne
Spider:4: guppyfry_spider_rune, spiders_nest_ghost_moth_duel, uniq_aizul,
          uniq_bai_suzhen
Slime:2:  dissolution_awaits
Slime:3:  nicolae_slime_pool, nicolae_slime_welcoming_committee,
          uniq_dissolution
Orc:1:    mines5_lemuel
Orc:2:    st_orc_congregation, basic_altar
Elf:1:    serial_shops, nicolae_shop_behind_doors, minmay_elf_annihilation
Elf:2:    basic_altar, serial_shops,
          nicolae_shop_temple_entry_statues_fountains, nicolae_shop_waterfront
Elf:3:    minmay_elf_hall_x, tgw_sif
Vaults:1: ontoclasm_vaults_decontamination, v_misc_1,
          hangedman_vaults_corner_blocks, v_misc_28, vaults_room_glass_cross,
          grunt_vaults_hallway_short, ontoclasm_vaults_gateway, serial_shops,
          nicolae_shop_behind_doors
Vaults:2: vaults_standard_mumra_lines, ontoclasm_vaults_fault, v_rooms_3,
          nicolae_vaults_little_squares_2, nicolae_vaults_inception_corners,
          minmay_crypt_entry_vampire_xt, vaults_dpeg_diagonal,
          grunt_vaults_trifunnel, nicolae_vaults_rhombus_6,
          hangedman_vaults_slice, vaults_room_door_ring,
          ontoclasm_vaults_ligature, vaults_room_hallway,
          nicolae_vaults_specimen_jars
Vaults:3: v_misc_4, hangedman_vaults_capsules, v_rooms_4,
          grunt_vaults_hallway_long, v_rooms_5,
          nicolae_vaults_diagonal_hallway_7, vaults_room_semicircle,
          vaults_mumra_minichess, nicolae_vaults_angled_halls, v_rooms_1,
          vaults_room_semicircle, kennysheep_vaults_gozag_temple,
          vaults_dpeg_hooks
Vaults:4: v_misc_1, hangedman_vaults_slither, v_pattern_1, v_misc_16,
          nicolae_vaults_theta, v_misc_2, v_misc_4, ontoclasm_vaults_eye,
          nicolae_vaults_rhombus_7, nicolae_vaults_rhombus_5
Vaults:5: serial_shops
Crypt:1:  grunt_ministairs_3, grunt_crypt_arrival_split,
          roderic_lattice_octagonal_star
Crypt:2:  st_stairs_13, grunt_megastairs_1
Crypt:3:  cryptofortress_bobbens
Tomb:1:   uniq_mara
Depths:1: hell_entry, special_room, kennysheep_cluttered_room,
          serial_bayou_pond_a, lemuel_flamethrower_2, serial_bayou_shore_b,
          firewood_loft
Depths:2: evilmike_lava_path, pf_dread_powers_of_hell,
          minmay_misc_feat_ornament, chequers_big_river
Depths:3: kennysheep_cluttered_fort, enter_ziggurat_b, rand_demon_pan_entry_7,
          hangedman_coc_ice_floe, minmay_misc_feat_iff, uniq_enchantress
Depths:4: minmay_tri_stars, pan_entry, abyss_entry, minmay_misc_feat_enclosed,
          hell_entry, argonaut_fire_from_heaven, infiniplex_staircase_squiggle,
          uniq_sojobo, uniq_frederick
Depths:5: grunt_zot_entry_gee_three, abyss_entry, grunt_hell_entry_dis_mu,
          roderic_greek_sauvastika, serial_bayou_shore_a
Abyss:2:  evilmike_abyss_exit_14, minivault_11, small_statue_intersection
Abyss:3:  bh_abyss_exit_spiral, guppyfry_abyss_exit_imp_island,
          evilmike_abyss_exit_16
Pan:      nicolae_pan_giant_door, pan_blood_fountain

Skill      XL: |  1  2  3  4  5  6  7  8  9 10 11 12 13 14 15 16 17 18 19 20 21 22 23 24 25 26 |
---------------+-------------------------------------------------------------------------------+-----
Fighting       | 4 5 6 7 8 9 10 11 12 13 14 15 16 17 18 19 20 21 23 25 | 25.7
Armour         | 4 5 6 7 8 9 10 11 12 13 14 15 16 17 18 19 20 | 20.4
Shields        | 4 5 6 7 9 10 12 13 14 15 16 18 19 20 22 23 24 26 27 | 27.0
Long Blades    | 3 4 5 6 8 10 11 12 13 14 15 16 17 18 19 20 22 23 24 25 27 | 27.0
Dodging        | 1 2 3 4 5 6 7 8 |  8.6
Throwing       | 2 5 8 10 12 13 14 15 16 18 19 20 21 | 21.3
Invocations    | 1 2 3 4 |  4.8
Evocations     | |  0.6

Action                   |  1- 3 |  4- 6 |  7- 9 | 10-12 | 13-15 | 16-18 | 19-21 | 22-24 | 25-27 || total
-------------------------+-------+-------+-------+-------+-------+-------+-------+-------+-------++-------
Melee: Long sword        |    65 |   124 |   444 |   379 |       |       |       |       |       ||  1012
       Headbutt          |    13 |    39 |   120 |   257 |   213 |   388 |   565 |   634 |   925 ||  3154
       Scimitar          |       |       |       |   540 |       |       |       |       |       ||   540
       Demon blade       |       |       |       |    76 |   563 |       |       |       |       ||   639
       Double sword      |       |       |       |       |   276 |  1379 |  1683 |  1759 |  2200 ||  7297
Throw: Tomahawk          |       |       |    17 |   178 |   162 |   197 |   539 |   237 |   109 ||  1439
       Javelin           |       |       |       |    98 |   254 |   130 |     8 |    10 |     6 ||   506
       Throwing net      |       |       |       |     3 |       |     3 |       |       |       ||     6
Invok: Heroism           |       |       |       |    14 |    11 |     6 |     4 |     6 |     9 ||    50
       Finesse           |       |       |       |       |     2 |       |       |     2 |     2 ||     6
 Abil: Evoke Blink       |       |       |       |       |     4 |     1 |       |       |       ||     5
       Evoke Flight      |       |       |       |       |       |       |     1 |       |       ||     1
Evoke: Wand              |       |     2 |       |       |     6 |       |     1 |     2 |     3 ||    14
       Phial of floods   |       |       |       |       |     1 |       |       |       |       ||     1
       Box of beasts     |       |       |       |       |       |     1 |       |       |       ||     1
       Lightning rod     |       |       |       |       |       |       |     3 |       |       ||     3
  Use: Scroll            |       |     2 |     6 |    14 |    21 |    16 |    27 |    10 |    30 ||   126
       Potion            |       |       |       |     4 |     4 |     8 |     5 |     6 |    19 ||    46
 Stab: Held in net/web   |       |       |       |       |       |     2 |       |       |       ||     2
       Petrified         |       |       |       |       |       |       |    15 |       |       ||    15
       Petrifying        |       |       |       |       |       |       |     1 |       |       ||     1
       Paralysed         |       |       |       |       |       |       |       |     1 |       ||     1
       Distracted        |       |       |       |       |       |       |       |       |     1 ||     1
  Eat: Chunk             |     3 |     5 |    14 |    22 |    25 |    22 |    23 |    19 |    12 ||   145
       Royal jelly       |       |       |     2 |     2 |     7 |    10 |     9 |     2 |     3 ||    35
       Fruit             |       |       |       |       |       |     7 |     3 |    22 |    24 ||    56
       Meat ration       |       |       |       |       |       |       |       |       |     4 ||     4
Armor: Scale mail        |    18 |    34 |   120 |    35 |       |       |       |       |       ||   207
       Plate armour      |       |       |       |    40 |   136 |   545 |   320 |   414 |    50 ||  1505
       Chain mail        |       |       |       |    98 |    75 |       |       |       |       ||   173
       Gold dragon scale |       |       |       |       |       |       |       |       |   498 ||   498
Dodge: Dodged            |    12 |    33 |   154 |   141 |   209 |   468 |   367 |   560 |   576 ||  2520
       Deflected         |       |       |       |       |       |       |    30 |    49 |    41 ||   120
Block: Shield            |    25 |    67 |   171 |       |       |       |       |       |       ||   263
       Large shield      |       |       |    87 |   651 |   713 |  1638 |  1575 |  2013 |  2367 ||  9044
       Reflection        |       |       |       |       |    13 |    67 |     3 |       |       ||    83
       Rpst.: Long sword |     3 |     7 |    47 |    18 |       |       |       |       |       ||    75
       Scimitar          |       |       |       |    20 |       |       |       |       |       ||    20
       Demon blade       |       |       |       |     3 |    25 |       |       |       |       ||    28
       Double sword      |       |       |       |       |     9 |    61 |    58 |    76 |    89 ||   293
